 Dungeon Crawl Stone Soup version 0.30-a0-1161-g0704695555 (webtiles) character file.

Game seed: 1092947944681923425

3210 elagabalus the Severer (level 9, 74/74 HPs)
             Began as a Hill Orc Berserker on Apr 27, 2023.
             Was a High Priest of Trog.
             Quit the game on level 6 of the Dungeon.
             The game lasted 00:41:41 (5375 turns).

elagabalus the Severer (Hill Orc Berserker)         Turns: 5375, Time: 00:41:42

Health: 74/74      AC: 12    Str: 24    XL:     9   Next: 97%
Magic:  9/9        EV: 11    Int:  7    God:    Trog [*****.]
Gold:   342        SH:  0    Dex: 10    Spells: 8/8 levels left

rFire   . . .        a - +4 war axe (venom)
rCold   . . .        (no shield)
rNeg    . . .        k - +0 swamp dragon scales
rPois   +            (no helmet)
rElec   .            n - +1 cloak
rCorr   .            r - +2 pair of gloves
SInv    .            (no boots)
Will    .....        (no amulet) Stlth
                     i - ring of flight
HPRegen 0.32/turn    (no ring)
MPRegen 0.11/turn

%: no passive effects
@: flying
A: no striking features
a: Renounce Religion, Berserk, Trog's Hand, Brothers in Arms


You were on level 6 of the Dungeon.
You worshipped Trog.
Trog was extremely pleased with you.
You visited 2 branches of the dungeon, and saw 7 of its levels.
You also visited: Sewer and Ossuary.

You collected 342 gold pieces.

Inventory:

Hand Weapons
 a - a +4 war axe of venom (weapon)
 b - a +1 whip of electrocution
Armour
 k - +0 swamp dragon scales (worn)
 n - a +1 cloak (worn)
 r - a +2 pair of gloves (worn)
Jewellery
 i - a ring of flight (left hand)
Wands
 g - a wand of charming (9)
 l - a wand of flame (8)
 q - a wand of roots (15)
 v - a wand of polymorph (8)
Scrolls
 c - 2 scrolls of enchant armour
 d - a scroll of noise {unknown}
 e - 2 scrolls of fog
 j - a scroll of brand weapon
 m - a scroll of amnesia
 y - 2 scrolls of enchant weapon
 B - 2 scrolls of poison
 C - a scroll of teleportation
Potions
 f - a potion of resistance
 h - 4 potions of attraction
 o - 2 potions of ambrosia {unknown}
 p - 3 potions of heal wounds
 s - a potion of mutation {unknown}
 t - a potion of brilliance {unknown}
 u - 2 potions of cancellation {unknown}
 w - 5 potions of haste
 x - a potion of degeneration {unknown}
 z - a potion of berserk rage
 A - a potion of might {unknown}


   Skills:
 - Level 5.0 Fighting
 * Level 17.2 Axes
 - Level 2.1 Armour
 - Level 1.5 Dodging


You had 8 spell levels left.
You didn't know any spells.
Your spell library contained the following spells:

 Spells                   Type           Power      Damage    Failure   Level
 Summon Small Mammal      Summ           0%         N/A       58%         1
 Cigotuvi's Dreadful Rot  Necr/Pois/Air  0%         N/A       73%         2
 Call Canine Familiar     Summ           0%         N/A       91%         3
 Summon Guardian Golem    Hex/Summ       0%         N/A       91%         3


Dungeon Overview and Level Annotations

Branches:
Dungeon (6/15)             Temple (1/1) D:6           Sewer (visited)
Ossuary (visited)

Altars:
Cheibriados
Dithmenos
Elyvilon
Fedhas
Gozag
Hepliaklqana
Kikubaaqudgha
Makhleb
Nemelex Xobeh
Qazlal
Ru
Sif Muna
Trog
Uskayaw
Vehumet
Wu Jian
Xom
Zin
The Shining One

Shops:
D:4 (

Annotations:
D:1 1 transporter


Message History

You now have 309 gold pieces (gained 14).
You now have 324 gold pieces (gained 15).
There is an open door here.
You reach down and open the door.
There is an open door here.
There is a gate leading back out of this place here.
The air fills with toxic fumes!
As you read the scroll labelled EPAOVVOYFIEG, it crumbles to dust.
It was a scroll of poison.
As you read the scroll labelled KIC MOOLOSISOA, it crumbles to dust.
It is a scroll of enchant armour.
Your +0 cloak glows green for a moment.
As you read the scroll labelled RIZYGG TAMM, it crumbles to dust.
A profound silence engulfs you.
It was a scroll of silence.
Welcome back to the Dungeon!
There is a collapsed entrance here.
Things that are here:
+0 swamp dragon scales; a +0 long sword of draining; the human skeleton of Maggie k - +0 swamp dragon scales You start removing your armour.
You continue taking off your +0 plate armour. x4
You finish taking off your +0 plate armour.
You start putting on your armour.
You continue putting on your +0 swamp dragon scales. x3
HP restored.
You continue putting on your +0 swamp dragon scales. x2
You finish putting on your +0 swamp dragon scales.
You drop a +0 plate armour.
Things that are here:
a +0 long sword of draining; the human skeleton of Maggie
There is an open door, spattered with blood here.
Found 18 gold pieces.
Your hearing returns.
You see here 7 stones.
You now have 342 gold pieces (gained 18).
d - a scroll labelled LUDAZEG GE WIAS
B - 2 scrolls of poison (gained 1)
You see here a +0 war axe.
You see here a +0 war axe.
Are you sure you want to abandon this character and quit the game? (Confirm with "yes".)

...##.##....# #######.#
...........## ♣♣.♣♣#.#
.#.##.##.#.# ###♣.♣.♣#.#
...........#######
#.'.♣♣♣.'.#
.................# ##
#.#♣.♣.♣###
.####.####.#####.#
#.##.#♣♣.♣ .# ##.# #.#
#.## #.#.###### )# #..#
#.# #.#.###........# .#
#.## #.#
#@##.#.##.###..# .# #.#
#.#####..............###
.# #.#
#...............#####...
## #.# ###########.###.#
#.⌠. #.# #.# #.#####...
#.# #.# #.##...... #.#
#.# #..#.⌠..>. #.# #####
#.# ##........ #.#
##...###.# ######...


There were no monsters in sight!

Vanquished Creatures
  The ghost of CowFu the Covered, a novice GnWn of Qazlal (D:6)
  Maggie (D:6)
  The ghost of voltaire321 the Sneak, an amateur KoEn (D:3)
  3 orc warriors (D:5)
  2 ice beasts (D:6)
  An ogre (D:5)
  A kobold brigand (D:3)
  2 elf zombies (Ossuary)
  3 bullfrogs (D:6)
  4 scorpions
  A howler monkey (D:6)
  2 centaur zombies (Ossuary)
  4 jellies
  A human zombie (Ossuary)
  An orc priest (D:5)
  Crazy Yiuf (D:2)
  Ijyb (D:5)
  Natasha (thrice) (D:2)
  7 iguanas
  2 orc wizards
  2 hound zombies (Ossuary)
  3 mummies (Ossuary)
  Robin (D:2)
  15 adders
  3 river rats (Sewer)
  2 adder zombies (Ossuary)
  5 worms
  A dart slug (D:1)
  16 orcs
  7 ball pythons
  12 endoplasms
  6 giant cockroaches
  18 goblins
  6 hobgoblins
  2 jackals (D:1)
  12 quokkas
  4 bats
  3 frilled lizards (Sewer)
  6 goblin zombies (Ossuary)
  3 hobgoblin zombies (Ossuary)
  4 jackal zombies (Ossuary)
  18 kobolds
  3 kobold zombies (Ossuary)
  2 orc zombies (Ossuary)
  4 quokka zombies (Ossuary)
  14 rats
  4 rat zombies (Ossuary)
218 creatures vanquished.

Notes
Turn   | Place    | Note
-------+----------+-------------------------------------------
     0 | D:1      | elagabalus the Hill Orc Berserker began the quest for the
                  | Orb.
     0 | D:1      | Reached XP level 1. HP: 19/19 MP: 1/1
    89 | D:1      | Reached XP level 2. HP: 27/27 MP: 2/2
   649 | D:1      | Reached XP level 3. HP: 29/35 MP: 3/3
   706 | D:1      | Reached skill level 5 in Fighting
  1038 | D:2      | Noticed Robin
  1045 | D:2      | Reached ** piety under Trog
  1048 | D:2      | Killed Robin
  1049 | D:2      | Reached skill level 5 in Axes
  1049 | D:2      | Reached XP level 4. HP: 42/42 MP: 4/4
  1183 | D:2      | Found a runed translucent door.
  1184 | D:2      | Noticed Crazy Yiuf
  1192 | D:2      | Killed Crazy Yiuf
  1193 | D:2      | Reached skill level 6 in Axes
  1369 | D:2      | Noticed Natasha
  1378 | D:2      | Killed Natasha
  1379 | D:2      | Reached XP level 5. HP: 48/48 MP: 5/5
  1492 | D:2      | Noticed Natasha
  1498 | D:2      | Killed Natasha
  1625 | D:2      | Noticed Natasha
  1630 | D:2      | Killed Natasha
  1631 | D:2      | Reached skill level 7 in Axes
  1699 | D:3      | Reached XP level 6. HP: 56/56 MP: 6/6
  1739 | D:3      | Found a faded altar of an unknown god.
  2053 | D:3      | Found a runed translucent gate.
  2053 | D:3      | Found a runed translucent gate.
  2054 | D:3      | Found a runed translucent gate.
  2054 | D:3      | Noticed voltaire321's ghost (amateur KoEn)
  2070 | D:3      | Reached skill level 8 in Axes
  2073 | D:3      | Killed voltaire321's ghost
  2074 | D:3      | Reached skill level 9 in Axes
  2074 | D:3      | Reached XP level 7. HP: 61/61 MP: 7/7
  2632 | D:4      | Reached skill level 10 in Axes
  2750 | D:4      | Found Xeirph's Antique Weapon Boutique.
  2960 | D:4      | Reached *** piety under Trog
  2967 | D:4      | Found a glowing drain.
  2973 | Sewer    | Entered a sewer
  3132 | Sewer    | Reached skill level 11 in Axes
  3133 | Sewer    | Found a viscous altar of Jiyva.
  3418 | D:5      | Entered Level 5 of the Dungeon
  3469 | D:5      | Found an ancient bone altar of Kikubaaqudgha.
  3476 | D:5      | Reached XP level 8. HP: 68/68 MP: 8/8
  3622 | D:5      | Reached skill level 12 in Axes
  3797 | D:5      | Noticed Ijyb
  3801 | D:5      | Killed Ijyb
  3842 | D:5      | Reached **** piety under Trog
  3876 | D:5      | Found a shimmering blue altar of Sif Muna.
  3906 | D:5      | Got Sif Muna's Papyrus of Profane Rituals
  3911 | D:5      | Found a bloodstained altar of Trog.
  3985 | D:5      | Reached skill level 13 in Axes
  4243 | D:6      | Reached skill level 14 in Axes
  4254 | D:6      | Reached XP level 9. HP: 66/74 MP: 9/9
  4425 | D:6      | Found a runed translucent door.
  4427 | D:6      | Noticed CowFu's ghost (novice GnWn)
  4447 | D:6      | Killed CowFu's ghost
  4448 | D:6      | Reached skill level 15 in Axes
  4450 | D:6      | Found a runed translucent door.
  4468 | D:6      | Found a staircase to the Ecumenical Temple.
  4500 | Temple   | Entered the Ecumenical Temple
  4599 | D:6      | Reached skill level 16 in Axes
  4639 | D:6      | Found an ornate altar of the Wu Jian Council.
  4925 | D:6      | Found a sand-covered staircase.
  4925 | D:6      | Noticed Maggie
  4937 | D:6      | Killed Maggie
  4945 | Ossuary  | Entered an ossuary
  5042 | Ossuary  | Reached skill level 17 in Axes
  5138 | Ossuary  | Reached ***** piety under Trog
  5375 | D:6      | Quit the game

Illustrated notes

Levels and vault maps discovered:
D:1:      spicycebolla_arrival_risky_transporter, layout_loops_ring,
          minmay_misc_feat_enclosed, chequers_garden
D:2:      layout_rooms, uniq_robin, uniq_crazy_yiuf_cottage, uniq_natasha
D:3:      layout_loops_cross, hellmonk_ecumenical_altar_crossroads,
          gammafunk_ghost_nasty_kobolds
D:4:      layout_basic, gup_sewer_entry_bubbles, serial_shops,
          nicolae_shop_dealshenge
D:5:      layout_gridville, kiku_gazebo_garden_becter,
          nzn_overflow_gifts_of_might_and_magic, uniq_ijyb
D:6:      layout_loops_ring, mainiacjoe_overflow_surrounded_room,
          minmay_temple_entry_junction, nicolae_ossuary_entry_plus,
          ebering_ghost_sewer_f, st_stairs_4, kennysheep_generic_room_13,
          uniq_maggie
Temple:   hellmonk_temple_of_storms

Skill      XL: |  1  2  3  4  5  6  7  8  9 |
---------------+----------------------------+-----
Fighting       | 4 5 |  5.0
Axes           | 5 6 7 9 11 14 17 | 17.2
Armour         | |  2.1
Dodging        | |  1.5

Action                     |  1- 3 |  4- 6 |  7- 9 || total
---------------------------+-------+-------+-------++-------
  Melee: Hand axe          |    98 |    57 |       ||   155
         Punch             |     3 |       |     5 ||     8
         War axe           |       |    22 |   326 ||   348
 Invoke: Berserk           |     3 |     7 |       ||    10
    Use: Scroll            |       |       |    15 ||    15
         Potion            |       |       |     3 ||     3
   Stab: Sleeping          |     1 |       |       ||     1
 Armour: Ring mail         |    35 |    23 |     8 ||    66
         Skin              |       |     1 |     1 ||     2
         Chain mail        |       |       |    37 ||    37
         Plate armour      |       |       |    75 ||    75
  Dodge: Dodged            |    51 |    37 |    70 ||   158

Table legend: (Time is in decaauts)
 A = Elapsed time spent in this place.
 B = Non-inter-level travel time spent in this place.
 C = Inter-level travel time spent in this place.
 D = Time resting spent in this place.
 E = Time spent auto-exploring this place.
 F = Levels seen in this place.
 G = Mean time per level.
                   A        B        C        D        E       F      G
               +--------+--------+--------+--------+--------+-----+--------+
         Total |   5446 |   1588 |   3858 |      0 |      0 |   9 |  605.1 |
       Dungeon |   4952 |   1129 |   3823 |      0 |      0 |   6 |  825.3 |
        Temple |     46 |     11 |     35 |      0 |      0 |   1 |   46.0 |
         Sewer |    218 |    218 |      0 |      0 |      0 |   1 |  218.0 |
       Ossuary |    228 |    228 |      0 |      0 |      0 |   1 |  228.0 |
               +--------+--------+--------+--------+--------+-----+--------+

Top non-repeatable levels by time:
     D:1: 889 daAuts
     D:2: 866 daAuts
     D:6: 840 daAuts
     D:3: 804 daAuts
     D:4: 779 daAuts
     D:5: 771 daAuts
 Ossuary: 228 daAuts
   Sewer: 218 daAuts
  Temple: 46 daAuts
